 Dungeon Crawl Stone Soup version 0.27.0-1-g7a08968 (webtiles) character file.

Game seed: 727049104170392987

3664 bonscott the Frost Mage (level 9, -3/45 HPs)
             Began as a Vampire Ice Elementalist on Aug 15, 2021.
             Was a Follower of Sif Muna.
             Shot with an arrow by a centaur (4 damage)
             ... on level 8 of the Dungeon.
             The game lasted 01:31:04 (10352 turns).

bonscott the Frost Mage (Vampire Ice Elementalist) Turns: 10352, Time: 01:31:05

Health: -3/45      AC: 10    Str:  9    XL:     9   Next: 89%
Magic:  5/20       EV: 12    Int: 18    God:    Sif Muna [*.....]
Gold:   401        SH:  0    Dex: 15    Spells: 11/22 levels left

rFire    . . .     SeeInvis +   P - +3 dagger (vamp)
rCold    + + +     Faith    .   (no shield)
rNeg     + + +     Spirit   .   g - +0 steam dragon scales
rPois    ∞         Reflect  .   M - +0 helmet
rElec    .         Harm     .   J - +0 cloak
rCorr    .         Rampage  .   I - +1 pair of gloves {archery}
Will     .....                  (no boots)
Stlth    ++++......             (no amulet)
HPRegen  0.00/turn              A - ring of ice
MPRegen  0.17/turn              r - ring of protection from fire

@: bloodless, inhibited regen
A: bloodless, fangs 3, see invisible, vampiric 2
a: Bat Form, Revivify, Renounce Religion, Channel Magic


You were on level 8 of the Dungeon.
You worshipped Sif Muna.
Sif Muna was aware of your devotion.
You visited 2 branches of the dungeon, and saw 9 of its levels.

You collected 401 gold pieces.

Inventory:

Hand Weapons
 b - a +2 short sword of flaming
 e - a +1 whip of flaming
 C - a +0 hand crossbow
 H - a +1 dagger of protection
 P - a +3 vampiric dagger (weapon)
 Q - a +2 vampiric trident
 T - a +1 flail of protection
Missiles
 c - 36 sling bullets
 i - 120 arrows
 k - a javelin
 o - 9 boomerangs
 F - 208 stones
 K - a curare-tipped dart
Armour
 g - +0 steam dragon scales (worn)
 v - the +5 chain mail of Calculation {rElec rF+}
   (You found it on level 5 of the Dungeon)

   rF:        It protects you from fire.
   rElec:     It insulates you from electricity.
 I - a +1 pair of gloves of archery (worn)
 J - a +0 cloak (worn)
 M - a +0 helmet (worn)
Magical Staves
 a - a staff of fire
 E - a staff of poison
Jewellery
 r - a ring of protection from fire (right hand)
 A - a ring of ice (left hand)
Wands
 x - a wand of charming (8)
 y - a wand of mindburst (7)
 D - a wand of flame (14)
 N - a wand of iceblast (13)
Scrolls
 f - 4 scrolls of amnesia
 h - a scroll of fear {unknown}
 m - a scroll of brand weapon {unknown}
 p - 2 scrolls of vulnerability {unknown}
 B - a scroll of enchant armour {unknown}
 O - a scroll of magic mapping {unknown}
 R - a scroll of noise {unknown}
 S - a scroll of blinking {unknown}
Potions
 d - a potion of might
 j - 2 potions of heal wounds
 l - 4 potions of flight
 n - a potion of haste
 q - a potion of magic {unknown}
 t - a potion of lignification
 u - a potion of degeneration {unknown}
 w - a potion of ambrosia {unknown}
 z - 3 potions of curing
 G - 2 potions of brilliance


   Skills:
 - Level 4.0 Armour
 - Level 2.1 Dodging
 - Level 3.0 Stealth
 + Level 7.4 Spellcasting
 + Level 5.4 Conjurations
 - Level 9.0 Ice Magic


You had 11 spell levels left.
You knew the following spells:

 Your Spells              Type           Power      Damage    Failure   Level
g - Ozocubu's Armour      Ice            55%        N/A       1%          3
h - Hailstorm             Conj/Ice       49%        3d11      5%          4
i - Freeze                Ice            100%       1d11      1%          1
n - Frozen Ramparts       Ice            100%       1d12      1%          3

Your spell library contained the following spells:

 Spells                   Type           Power      Damage    Failure   Level
 Mephitic Cloud           Conj/Pois/Air  13%        N/A       14%         3
 Ignite Poison            Fire/Tmut/Pois 6%         N/A       30%         3
 Metabolic Englaciation   Hex/Ice        17%        N/A       41%         5
 Summon Lightning Spire   Summ/Air       6%         N/A       71%         4
 Bolt of Magma            Conj/Fire/Erth 6%         4d6       80%         5
 Simulacrum               Ice/Necr       17%        N/A       94%         6
 Storm Form               Tmut/Air       3%         N/A       100%        7
 Maxwell's Capacitive Co  Air            3%         ∞         100%        8


Dungeon Overview and Level Annotations

Branches:
Dungeon (8/15)             Temple (1/1) D:6            Lair (0/6) D:8

Altars:
Ashenzari
Cheibriados
Dithmenos
Elyvilon
Fedhas
Gozag
Hepliaklqana
Kikubaaqudgha
Makhleb
Nemelex Xobeh
Okawaru
Qazlal
Ru
Sif Muna
Trog
Uskayaw
Vehumet
Wu Jian
Yredelemnul
Zin
The Shining One

Shops:
D:1 =   D:3 ([*(


Innate Abilities, Weirdness & Mutations

You do not regenerate when monsters are visible.
You are frail without blood (-20% HP).
You can heal yourself when you bite living creatures.
You are immune to poison.
You have razor-sharp teeth.
You have supernaturally acute eyesight. (SInv)
You are afflicted with vampirism and can become a bat while bloodless.


Message History

The orc warrior is severely wounded.
The hail pelts the orc warrior!
The orc warrior is severely wounded.
The orc shouts!
Your surroundings suddenly seem different.
The frozen ramparts melt away as you move.
The gnoll shouts!
A kobold comes into view.
It is wielding a +2 dagger of pain and quivering poisoned darts.
The kobold shouts!
A kobold comes into view. It is wielding a +0 short sword.
The kobold shouts!
The centaur hits you but does no damage.
The centaur kicks you but does no damage.
A gnoll comes into view. It is wielding a +0 flail.
A gnoll comes into view. It is wielding a +3 flail.
The centaur barely misses you. The centaur closely misses you.
You hear a shout!
A centaur comes into view.
The centaur wields a +0 shortbow.
The centaur shoots an arrow.
The arrow hits you.
* * * LOW HITPOINT WARNING * * *
The kobold throws a poisoned dart.
The poisoned dart barely misses you.
Casting: Hailstorm (dangerous; 5% risk of failure)
Confirm with . or Enter, or press ? or * to list all spells.
Casting: Hailstorm (dangerous; 5% risk of failure)
Press: ? - help, Dir - look around, f - activate You feel a surge of power!
A cannonade of hail descends around you!
The hail pelts the kobold!
You kill the kobold!
Sif Muna accepts your kill.
The hail pelts the centaur!
The centaur is moderately wounded.
The centaur shoots an arrow.
The arrow hits you but does no damage.
A gnoll comes into view. It is wielding a +0 flail.
The kobold hits you but does no damage.
The centaur shoots an arrow.
The arrow hits you.
* * * LOW HITPOINT WARNING * * *
The centaur shoots an arrow.
The arrow hits you.
You die...

##.... ....#
#######..... .....
######...#..#....
.....#
..≈...#..g.##....
.....
#...#.....####...
...##...##ggg.# ##..
#.........#.## ##.
#≈...>...≈#.## ##
#..@...)..#..## #
......##.K.##.....###
..#..
#.c.#........### #.
...≈...#..##...o## #
..#######...####.o.#
## ....## ###go
#....# ### ##... #
##..


You could see a centaur, 2 gnolls and a kobold.

Vanquished Creatures
  2 kobold demonologists (D:7)
  2 hornets
  2 steam dragons
  2 water moccasins
  Duvessa (D:5)
  An orc warrior (D:7)
  A sky beast (D:7)
  An ogre (D:2)
  3 centaurs
  A phantom (D:4)
  A kobold brigand (D:6)
  2 bullfrogs
  2 gnoll sergeants
  A wyvern zombie (D:6)
  2 scorpions (D:6)
  Dowan (D:5)
  A water moccasin skeleton (D:5)
  2 killer bees (D:8)
  2 howler monkeys (D:7)
  2 jellies
  A centaur zombie (D:8)
  An orc priest (D:7)
  A bullfrog skeleton (D:5)
  A hound (D:3)
  2 centaur skeletons
  A gnoll shaman (D:6)
  3 iguanas
  An orc wizard (D:8)
  A killer bee zombie (D:7)
  A hound zombie (D:5)
  A hound skeleton (D:5)
  18 gnolls
  9 adders
  A white imp (D:6)
  6 worms
  4 dart slugs
  17 orcs
  6 ball pythons
  6 bats
  3 endoplasms
  3 giant cockroaches
  9 goblins
  20 hobgoblins
  16 jackals
  21 kobolds
  5 quokkas
  3 frilled lizards
  7 rats
  A spectral goblin (D:2)
201 creatures vanquished.

Vanquished Creatures (others)
  6 fungi (D:8)
  29 plants
35 creatures vanquished.

Grand Total: 236 creatures vanquished

Notes
Turn   | Place    | Note
-------+----------+-------------------------------------------
     0 | D:1      | bonscott the Vampire Ice Elementalist began the quest for
                  | the Orb.
     0 | D:1      | Reached XP level 1. HP: 13/13 MP: 3/3
   250 | D:1      | Reached XP level 2. HP: 17/19 MP: 1/5
   689 | D:1      | Found Torchuuc's Jewellery Emporium.
   741 | D:1      | Gained mutation: You are afflicted with vampirism and can
                  | become a bat while bloodless. [Vampire growth]
   741 | D:1      | Reached XP level 3. HP: 24/24 MP: 4/7
   945 | D:1      | Learned a level 3 spell: Ozocubu's Armour
  2060 | D:2      | Noticed an ogre
  2229 | D:2      | Learned a level 3 spell: Frozen Ramparts
  2314 | D:2      | Reached XP level 4. HP: 28/30 MP: 4/8
  2430 | D:2      | Found a faded altar of an unknown god.
  2503 | D:2      | Killed an ogre
  2504 | D:2      | Reached skill level 5 in Ice Magic
  2504 | D:2      | Reached XP level 5. HP: 17/35 MP: 1/10
  2824 | D:3      | Found Migaavam's Antique Weapon Shoppe.
  2824 | D:3      | Found Laokawk's General Store.
  2909 | D:3      | Found Eva Zior's Antique Armour Emporium.
  2986 | D:3      | Found Mogumm's Antique Weapon Boutique.
  3181 | D:3      | You fall into a shaft and drop 2 floors!
  3181 | D:5      | Entered Level 5 of the Dungeon
  3181 | D:5      | Found a radiant altar of Vehumet.
  3190 | D:5      | Reached skill level 6 in Ice Magic
  3244 | D:5      | Noticed a centaur
  3275 | D:5      | Noticed a water moccasin
  3277 | D:5      | Killed a water moccasin
  3278 | D:5      | Reached XP level 6. HP: 41/41 MP: 7/12
  3467 | D:5      | Identified the +5 chain mail of Calculation {rElec rF+}
  4164 | D:4      | Found a faded altar of an unknown god.
  4164 | D:4      | Found a shadowy altar of Dithmenos.
  4170 | D:4      | Found a faded altar of an unknown god.
  4172 | D:4      | Found a broken altar of Ashenzari.
  4224 | D:4      | Learned a level 4 spell: Hailstorm
  4609 | D:4      | Reached XP level 7. HP: 27/46 MP: 5/13
  4902 | D:5      | Noticed Duvessa
  4902 | D:5      | Noticed Dowan
  4903 | D:5      | Found a hide-covered altar of Uskayaw.
  5248 | D:5      | Reached skill level 1 in Conjurations
  5606 | D:5      | Noticed a hornet
  5614 | D:5      | Paralysed by a hornet for 2 turns
  5617 | D:5      | Killed a hornet
  5704 | D:5      | Killed Duvessa
  5705 | D:5      | Reached skill level 7 in Ice Magic
  5705 | D:5      | Reached XP level 8. HP: 30/52 MP: 9/14
  5706 | D:5      | Killed Dowan
  6614 | D:6      | Found a staircase to the Ecumenical Temple.
  6619 | Temple   | Entered the Ecumenical Temple
  6626 | Temple   | Became a worshipper of Sif Muna the Loreminder
  7890 | D:6      | Reached skill level 5 in Spellcasting
  8053 | D:6      | Found a hazy altar of Hepliaklqana.
  8132 | D:6      | Reached skill level 8 in Ice Magic
  8931 | D:7      | Reached XP level 9. HP: 45/45 MP: 13/17
  9109 | D:7      | Noticed a kobold demonologist
  9146 | D:7      | Noticed a kobold demonologist
  9166 | D:7      | Killed a kobold demonologist
  9167 | D:7      | Reached skill level 5 in Conjurations
  9418 | D:7      | Noticed a red devil
  9418 | D:7      | Killed a kobold demonologist
 10212 | D:8      | Reached * piety under Sif Muna
 10213 | D:8      | Reached skill level 9 in Ice Magic
 10303 | D:8      | Found a staircase to the Lair.
 10352 | D:8      | HP: 1/45 [centaur/arrow (6)]
 10352 | D:8      | Shot with an arrow by a centaur

Illustrated notes

Levels and vault maps discovered:
D:1:      minmay_arrival_loop, layout_rooms, serial_shops, shop
D:2:      layout_basic, dreamdust_ecumenical_altar_drowned_temple,
          kennysheep_nub
D:3:      layout_rooms, serial_shops, shop, shop, nicolae_shop_stone, shop,
          kennysheep_generic_room_8
D:4:      layout_rooms, chequers_temple_overflow_minitemple,
          grunt_decor_junction
D:5:      layout_loops_cross, eat_drink_and_be_merry_uskayaw,
          nicolae_vehumet_altar_sigil, bh_walls_and_bars, uniq_duvessa
D:6:      corexii_shantytown, layout_cave_pools,
          nicolae_hepliaklqana_hippocampus, temple_doors_cd,
          serial_bayou_lagoon_a
D:7:      layout_gridville, chequers_serial_rivers_small_3
D:8:      layout_cave_pods, dpeg_oklobed_lair, minmay_evil_grid
Temple:   nicolae_temple_no_exploring_needed

Skill      XL: |  1  2  3  4  5  6  7  8  9 |
---------------+----------------------------+-----
Spellcasting   | 3 4 5 7 |  7.4
Ice Magic      | 5 6 7 8 9 |  9.0
Armour         | 2 3 4 |  4.0
Conjurations   | 2 4 5 |  5.4
Dodging        | |  2.1
Stealth        | |  3.0

Action                   |  1- 3 |  4- 6 |  7- 9 || total
-------------------------+-------+-------+-------++-------
Melee: Dagger            |     5 |     3 |    23 ||    31
       Bite              |     1 |     1 |    20 ||    22
       Staff             |       |    17 |    21 ||    38
       Short sword       |       |    10 |    67 ||    77
       Whip              |       |       |    15 ||    15
Throw: Stone             |    11 |    36 |    46 ||    93
       Boomerang         |       |     1 |     4 ||     5
       Javelin           |       |       |     2 ||     2
 Cast: Freeze            |    75 |    69 |    56 ||   200
       Frozen Ramparts   |       |    19 |    55 ||    74
       Hailstorm         |       |       |     3 ||     3
       Ozocubu's Armour  |       |       |     1 ||     1
 Abil: Exsanguinate      |       |       |     1 ||     1
Evoke: Wand              |       |     4 |       ||     4
  Use: Scroll            |       |     3 |     6 ||     9
       Potion            |       |       |     3 ||     3
 Stab: Sleeping          |       |       |     3 ||     3
Armor: Robe              |     9 |     4 |       ||    13
       Leather armour    |       |    11 |    16 ||    27
       Steam dragon scal |       |       |    66 ||    66
Dodge: Dodged            |    46 |    53 |   141 ||   240
